 Dungeon Crawl Stone Soup version 0.30-a0-540-g0af01429fa (webtiles) character file.

Game seed: 18397758552851119830

781 Armakuni the Charlatan (level 8, -1/62 HPs)
             Began as a Human Artificer on Dec 25, 2022.
             Splashed by a jelly's acid (4 damage)
             ... on level 5 of the Dungeon.
             The game lasted 00:12:22 (4743 turns).

Armakuni the Charlatan (Human Artificer)            Turns: 4743, Time: 00:12:23

Health: -1/62      AC: -7    Str: 12    XL:     8   Next: 11%
Magic:  0/8        EV: 12    Int: 14    God:
Gold:   282        SH:  5    Dex: 14    Spells: 7/7 levels left

rFire   . . .      SeeInvis +    a - +0 flail
rCold   . . .      Faith    .    l - +0 buckler
rNeg    . . .      Spirit   +    b - +0 leather armour
rPois   +          Reflect  .    (no helmet)
rElec   .          Harm     .    (no cloak)
rCorr   .          Rampage  .    (no gloves)
Will    .....                    f - +0 pair of boots
Stlth   +                        G - amulet of guardian spirit
HPRegen 0.30/turn                I - ring of see invisible
MPRegen 0.11/turn                P - ring of poison resistance

@: corroded
A: no striking features
a: no special abilities


You were on level 5 of the Dungeon.
You visited 2 branches of the dungeon, and saw 6 of its levels.

You collected 282 gold pieces.

Inventory:

Hand Weapons
 a - a +0 flail (weapon)
Missiles
 n - 5 javelins
 r - 2 curare-tipped darts (quivered)
Armour
 b - a +0 leather armour (worn)
 f - a +0 pair of boots (worn)
 l - a +0 buckler (worn)
Jewellery
 G - an amulet of guardian spirit (around neck)
 I - a ring of see invisible (left hand)
 J - a ring of protection from cold
 P - a ring of poison resistance (right hand)
Wands
 c - a wand of charming (12)
 j - a wand of iceblast (1)
Scrolls
 e - a scroll of fog
 g - a scroll of amnesia
 h - 3 scrolls of blinking
 k - 3 scrolls of vulnerability
 o - a scroll of teleportation
 t - a scroll of identify
Potions
 d - a potion of curing
 i - a potion of haste {unknown}
 m - a potion of berserk rage {unknown}
 p - 3 potions of lignification
 q - a potion of heal wounds
 s - a potion of degeneration {unknown}


   Skills:
 - Level 5.0 Fighting
 - Level 1.0 Maces & Flails
 - Level 2.0 Armour
 - Level 3.0 Dodging
 - Level 1.0 Stealth
 - Level 4.0 Shields
 + Level 5.1 Evocations


You had 7 spell levels left.
You didn't know any spells.
Your spell library contained the following spells:

 Spells                   Type           Power      Damage    Failure   Level
 Tukima's Dance           Hex            0%         N/A       82%         3
 Passage of Golubria      Tloc           0%         N/A       99%         4
 Yara's Violent Unravell  Hex/Tmut       0%         3d3       100%        5


Dungeon Overview and Level Annotations

Branches:
Dungeon (5/15)             Temple (1/1) D:4

Altars:
Ashenzari
Cheibriados
Dithmenos
Fedhas
Gozag
Hepliaklqana
Kikubaaqudgha
Makhleb
Nemelex Xobeh
Okawaru
Qazlal
Ru
Sif Muna
Trog
Uskayaw
Wu Jian
Xom
Yredelemnul
Zin
The Shining One


Message History

The scorpion is moderately wounded.
A jelly comes into view.
You closely miss the scorpion.
The scorpion is severely wounded.
The jelly quivers.
You block the scorpion's attack. The scorpion closely misses you.
You hit the scorpion but do no damage.
The scorpion is almost dead.
You kill the scorpion!
Your Evocations skill increases to level 5!
Things that are here:
a curare-tipped dart; a scorpion corpse
r - 2 curare-tipped darts (gained 1)
You hit the jelly.
Your hands burn!
The jelly is moderately wounded.
The jelly hits you. The acid corrodes you!
You are splashed with acid.
You hit the jelly but do no damage. The acid corrodes you!
Your hands burn!
The jelly is moderately wounded.
The jelly hits you.
You are splashed with acid!
You hit the jelly but do no damage.
Your hands burn!
The jelly is moderately wounded.
The jelly hits you.
You are splashed with acid!
The jelly hits you. The acid corrodes you!
You are splashed with acid!
* * * LOW HITPOINT WARNING * * *
You hit the jelly.
Your hands burn!
* * * LOW HITPOINT WARNING * * *
The jelly is heavily wounded.
The jelly closely misses you.
You hit the jelly but do no damage.
Your hands burn!
* * * LOW HITPOINT WARNING * * *
The jelly is heavily wounded.
The jelly misses you. The jelly hits you.
* * * LOW HITPOINT WARNING * * *
You are splashed with acid!
* * * LOW HITPOINT WARNING * * *
You barely miss the jelly.
The jelly is heavily wounded.
The jelly misses you.
You hit the jelly. The acid corrodes you!
Your hands burn!
You die...

#<# #.# #.#
#.# # #.# #.
#.#
#####.######.#
.............#
......J@=#####
.........#
.........#
+####+####


You could see a jelly.

Vanquished Creatures
  A steam dragon (D:4)
  A black bear (D:3)
  3 scorpions
  2 howler monkeys (D:4)
  A hound (D:4)
  2 iguanas (D:4)
  2 orc wizards (D:3)
  4 gnolls (D:4)
  4 adders
  A worm (D:2)
  5 dart slugs
  8 orcs
  8 bats
  6 endoplasms
  6 giant cockroaches
  8 hobgoblins
  6 jackals
  4 quokkas
  8 ball pythons
  4 frilled lizards
  7 kobolds
  6 rats
97 creatures vanquished.

Notes
Turn   | Place    | Note
-------+----------+-------------------------------------------
     0 | D:1      | Armakuni the Human Artificer began the quest for the Orb.
     0 | D:1      | Reached XP level 1. HP: 15/15 MP: 1/1
   204 | D:1      | Reached XP level 2. HP: 22/22 MP: 2/2
   676 | D:1      | Found a faded altar of an unknown god.
   833 | D:1      | Reached XP level 3. HP: 28/28 MP: 3/3
  1443 | D:2      | Reached XP level 4. HP: 35/35 MP: 4/4
  2237 | D:3      | Noticed a black bear
  2270 | D:3      | Killed a black bear
  2271 | D:3      | Reached skill level 5 in Fighting
  2271 | D:3      | Reached skill level 1 in Maces & Flails
  2271 | D:3      | Reached XP level 5. HP: 24/44 MP: 2/5
  2520 | D:3      | Reached XP level 6. HP: 50/51 MP: 4/6
  2794 | D:4      | Noticed a steam dragon
  2800 | D:4      | Killed a steam dragon
  2829 | D:4      | Found a staircase to the Ecumenical Temple.
  2855 | D:3      | Reached XP level 7. HP: 27/56 MP: 3/7
  3170 | Temple   | Entered the Ecumenical Temple
  4666 | D:4      | Reached XP level 8. HP: 62/62 MP: 8/8
  4721 | D:5      | Entered Level 5 of the Dungeon
  4735 | D:5      | Reached skill level 5 in Evocations
  4741 | D:5      | HP: 2/62 [acid (7)]
  4743 | D:5      | Splashed by a jelly's acid

Illustrated notes

Levels and vault maps discovered:
D:1:      minmay_arrival_jagged, layout_loops_corners,
          nicolae_ecumenical_lake_church
D:2:      layout_loops_ring
D:3:      layout_loops_ring
D:4:      layout_basic, minmay_temple_entry_arrows
D:5:      layout_basic, jmf_multi_god_temple2, serial_shops, shop,
          ebering_ghost_rock_garden
Temple:   mainiacjoe_temple_cubbyholes

Skill      XL: |  1  2  3  4  5  6  7  8 |
---------------+-------------------------+-----
Fighting       | 2 3 5 |  5.0
Maces & Flails | 1 |  1.0
Dodging        | 2 3 |  3.0
Shields        | 2 4 |  4.0
Evocations     | 4 5 |  5.1
Armour         | |  2.0
Stealth        | |  1.0

Action                   |  1- 3 |  4- 6 |  7- 9 || total
-------------------------+-------+-------+-------++-------
Melee: Club              |   115 |    59 |       ||   174
       Punch             |     1 |     1 |       ||     2
       Flail             |       |    68 |   130 ||   198
       Mace              |       |     9 |       ||     9
Throw: Dart              |       |       |     6 ||     6
       Javelin           |       |       |     5 ||     5
       Throwing net      |       |       |     1 ||     1
Evoke: Wand              |     8 |    12 |     2 ||    22
  Use: Scroll            |       |     6 |     3 ||     9
       Potion            |       |       |     2 ||     2
 Stab: Sleeping          |     1 |     2 |       ||     3
Armor: Leather armour    |    45 |    53 |    23 ||   121
Dodge: Dodged            |    87 |   106 |    88 ||   281
Block: Buckler           |       |       |    31 ||    31

Table legend: (Time is in decaauts)
 A = Elapsed time spent in this place.
 B = Non-inter-level travel time spent in this place.
 C = Inter-level travel time spent in this place.
 D = Time resting spent in this place.
 E = Time spent auto-exploring this place.
 F = Levels seen in this place.
 G = Mean time per level.
                   A        B        C        D        E       F      G
               +--------+--------+--------+--------+--------+-----+--------+
         Total |   4880 |   4685 |    195 |    658 |   2576 |   6 |  813.3 |
       Dungeon |   4537 |   4394 |    143 |    658 |   2288 |   5 |  907.4 |
        Temple |    342 |    290 |     52 |      0 |    288 |   1 |  342.0 |
               +--------+--------+--------+--------+--------+-----+--------+

Top non-repeatable levels by time:
     D:4: 1337 daAuts
     D:3: 1239 daAuts
     D:1: 1167 daAuts
     D:2: 768 daAuts
  Temple: 342 daAuts
     D:5: 25 daAuts
